 Zot Defence DCSS version 0.15.2 (webtiles) character file.

92 Joat the Chopper (level 4, 0/1 (40) HPs)
             Began as a Minotaur Death Knight on July 26, 2016.
             Was a Follower of Yredelemnul.
             Rotted away (Xuneam the slime creature)
             ... in the Realm of Zot (Scenario I: Hall of Zot).
             The game lasted 00:06:02 (362 turns).

Joat the Chopper (Minotaur Death Knight)             Turns: 362, Time: 00:06:05

HP   0/1 (40)    AC  3     Str 18      XL: 4   Next: 35%
MP   4/4         EV 11     Int  8      God: Yredelemnul [*.....]
Gold 0           SH  0     Dex 10      Spells:  0 memorised,  3 levels left

rFire  . . .     SeeInvis .     a - +1 hand axe
rCold  . . .     Clarity  .     b - +0 leather armour
rNeg   . . .     rCorr    .     (no shield)
rPois  .         rRot     .     (helmet restricted)
rElec  .         Spirit   .     (no cloak)
SustAb .         Warding  .     (no gloves)
rMut   .         Stasis   .     (no boots)
Gourm  .                        (no amulet)
MR     .....                    (no ring)
                                (no ring)

@: not resistant to hostile enchantments, very unstealthy
A: retaliatory headbutt, horns 2
a: Make oklob sapling, Make arrow trap, Make plant, Remove Curse, Animate
Remains, Renounce Religion


You were in the Realm of Zot.
You worshipped Yredelemnul.
Yredelemnul was aware of your devotion.
You were not hungry.

You visited 1 branch

Inventory:

Hand weapons
 a - a +1 hand axe (weapon)
Armour
 b - a +0 leather armour (worn)
Comestibles
 d - a bread ration
 j - a chunk of ball python flesh
Scrolls
 i - a scroll of blinking
Potions
 c - 3 potions of curing
 e - a potion of heal wounds
 f - a potion of haste
 g - 2 potions of magic
 h - a potion of berserk rage


   Skills:
 + Level 3.8 Fighting
 + Level 3.9 Axes
 + Level 1.7 Armour
 + Level 1.8 Dodging
 - Level 3.0 Invocations


You had 3 spell levels left.
You didn't know any spells.

Dungeon Overview and Level Annotations

Branches:
    Zot (1/1)

Altars:


Innate Abilities, Weirdness & Mutations

You reflexively headbutt those who attack you in melee.
You have a pair of horns on your head.


Message History

You hit Xuneam.
Your flesh rots away as the Orb of Zot is desecrated. x2
Xuneam is moderately wounded.
Your flesh rots away as the Orb of Zot is desecrated. x3
Your flesh rots away as the Orb of Zot is desecrated.
You hit Xuneam.
Your flesh rots away as the Orb of Zot is desecrated. x2
Xuneam is moderately wounded.
Your flesh rots away as the Orb of Zot is desecrated. x3
Your flesh rots away as the Orb of Zot is desecrated.
You hit Xuneam.
Your flesh rots away as the Orb of Zot is desecrated. x2
Xuneam is moderately wounded.
Your flesh rots away as the Orb of Zot is desecrated. x3
Your flesh rots away as the Orb of Zot is desecrated.
You hit Xuneam.
Your flesh rots away as the Orb of Zot is desecrated. x2
Ouch! That really hurt!
You die...
Your body rises from the dead as a mindless zombie.

▓▓▓▓▓▓▓ ▓▓▓▓▓▓▓▓▓ ...▓▓▓▓
▓▓▓▓..... ......▓▓▓ ▓▓▓........
........▓▓ ▓▓..........
.........▓ ▓▓▓▓▓▓▓▓▓ ▓...........
.........▓▓▓.......▓▓▓...........
.........▓▓.........▓▓...........
.........▓...(.%..(..▓...........
...............J@....)...........
.........▓......%.)..▓...........
.........▓▓.........▓▓...........
.........▓▓▓.......▓▓▓...........
.........# ▓▓▓▓▓▓▓▓▓ #K..........
........## ##.......... ......###
###........ ...#### ####.....
######## ##########


You could see Xuneam the slime creature.

Vanquished Creatures
  An orc wizard (Zot)
  2 oozes (Zot)
  4 bats (Zot)
  2 kobolds (Zot)
  2 ball pythons (Zot)
  A giant newt (Zot)
  2 rats (Zot)
14 creatures vanquished.

Vanquished Creatures (collateral kills)
  2 goblins (Zot)
2 creatures vanquished.

Vanquished Creatures (others)
  An oklob sapling (Zot)
1 creature vanquished.

Grand Total: 17 creatures vanquished

Notes
Turn   | Place    | Note
--------------------------------------------------------------
     0 | Zot      | Joat, the Minotaur Death Knight, began the quest for the Orb.
     0 | Zot      | Reached XP level 1. HP: 18/18 MP: 1/1
   201 | Zot      | Reached skill level 3 in Invocations
   202 | Zot      | Noticed Berold
   208 | Zot      | Reached XP level 2. HP: 25/25 MP: 1/2
   248 | Zot      | Killed Berold the orc wizard
   248 | Zot      | Reached XP level 3. HP: 24/33 MP: 4/4
   248 | Zot      | Reached XP level 4. HP: 29/40 MP: 4/4
   338 | Zot      | Noticed Xuneam
   362 | Zot      | Rotted away (Xuneam the slime creature)

Action                   |  1- 3 |  4- 6 || total
-------------------------+-------+-------++-------
Melee: Hand axe          |    31 |    19 ||    50
 Abil: Make oklob saplin |       |     1 ||     1
